 Dungeon Crawl Stone Soup version 0.31-a0-851-g7ff8af7976 (webtiles) character file.

Game seed: 2487806128155736857

100 avis the Ducker (level 4, 19/19 HPs)
             Began as a Felid Shapeshifter on Oct 7, 2023.
             Got out of the dungeon alive.
             The game lasted 00:10:06 (1900 turns).

avis the Ducker (Felid Shapeshifter)                Turns: 1900, Time: 00:10:06

Health: 19/19      AC:  1    Str: 12    XL:     4   Next: 47%
Magic:  5/5        EV: 19    Int: 11    God:
Gold:   97         SH:  0    Dex: 15    Spells: 3/3 levels left
                                        Lives:  1   Deaths: 1

rFire   . .          .
                       - Unarmed
rCold   . . .        (shield unavailable)
rNeg    . . .        (body armour unavailable)
rPois   .            (helmet unavailable)
rElec   .            (cloak unavailable)
rCorr   .            (gloves unavailable)
SInv    +            (boots unavailable)
Will    .....        (no amulet)
Stlth   ++           (no ring)
HPRegen 0.23/turn    (no ring)
MPRegen 0.09/turn

%: no passive effects
@: beast-form, quick
A: beast (slay +2), very small, claws 1, fangs 3, see invisible, speed 1, shaggy
fur 1, stealthy paws, no weapons or thrown items, no armour, multi-lived
a: Begin Untransformation


You escaped.
You were a hulking beast.
You visited 1 branch of the dungeon, and saw 3 of its levels.

You collected 97 gold pieces.

Inventory:

Jewellery
 l - an amulet of magic regeneration
Talismans
 b - a beast talisman (active)
 c - a flux talisman
Scrolls
 d - 2 scrolls of enchant weapon {unknown}
 e - 7 scrolls of teleportation {unknown}
 f - a scroll of silence {unknown}
 i - a scroll of blinking {unknown}
 j - 4 scrolls of identify {unknown}
 k - a scroll of fog {unknown}
 m - a scroll of fear {unknown}
Potions
 a - a potion of lignification
 g - a potion of ambrosia {unknown}
 h - a potion of cancellation {unknown}
 n - a potion of attraction {unknown}


   Skills:
 - Level 2.0 Fighting
 * Level 5.5 Dodging
 - Level 1.0 Stealth
 - Level 3.0 Unarmed Combat
 - Level 3.5 Shapeshifting


You had 3 spell levels left.
You didn't know any spells.
Your spell library contained the following spells:

 Spells                   Type           Power      Damage    Failure   Level
 Magic Dart               Conj           0%         1d3       34%         1
 Call Imp                 Summ           0%         N/A       47%         2
 Mephitic Cloud           Conj/Pois/Air  0%         N/A       71%         3
 Vhi's Electric Charge    Tloc/Air       0%         N/A       98%         4
 Arcjolt                  Conj/Air       0%         1d10      100%        5
 Plasma Beam              Fire/Air       0%         2x1d10    100%        6


Dungeon Overview and Level Annotations

Branches:
Dungeon (3/15)

Altars:
Dithmenos
Xom

Shops:
D:2 *

Annotations:
D:2 Sigmund


Innate Abilities, Weirdness & Mutations

You are a hulking beast.
Your limbs bulge with bestial killing power. (Slay +2)
You have sharp claws.
You have razor-sharp teeth.
You have supernaturally acute eyesight. (SInv)
You cover ground quickly. (Speed+)
You are covered in fur. (AC +1)
Your paws help you pounce on unaware monsters.
You are incapable of wielding weapons or throwing items.
You cannot wear armour.
You gain extra lives every three experience levels.


Message History

The orc wizard is moderately wounded.
The orc wizard hits you with a +0 dagger.
* * * LOW HITPOINT WARNING * * *
You scratch the orc wizard.
The orc wizard is moderately wounded.
The orc wizard hits you with a +0 dagger.
* * * LOW HITPOINT WARNING * * *
Okay, then.
Okay, then.
You completely miss the orc wizard. You bite the orc wizard.
The orc wizard is heavily wounded.
The orc wizard casts a spell at you. You resist with some effort.
You scratch the orc wizard.
The orc wizard is severely wounded.
The orc wizard misses you.
You scratch the orc wizard.
The orc wizard is almost dead.
The orc wizard points at you and mumbles some strange words.
The puff of flame hits you.
You die...
Your shape twists and changes as you die.
You rejoin the land of the living...
Unknown command.
There is a stone staircase leading up here.
You climb upwards.
Level annotation: Sigmund
There is a stone staircase leading down here.
Sigmund is nearby!
Sigmund shouts!
Sigmund casts a spell at you. The magic dart hits you!
Ouch! That really hurt!
There is a stone staircase leading up here.
You climb upwards.
There is a stone staircase leading down here.
You see here a +0 club.
HP restored.
There is a staircase leading out of the dungeon here.
You have escaped!

...................#.....#
...................#######
#######............####
#...............#
###############.####
##########....####
##....#...####....##
##...........#####..#
##...#..h..#...## ##.#
##...###...###...## #.#
##...## ##### ##...###รท##
##...## #...# ##...##..#
##...######.#.######...##.#
#..#........#........#..#.#
#.##.#...##.#.###..#.##.#.###
#.#..###.##.#..#.###..#.#....
#.......................#....


There were no monsters in sight!

Vanquished Creatures
  An orc priest (D:3)
  2 adders (D:3)
  A worm (D:2)
  2 orcs (D:3)
  2 ball pythons
  7 endoplasms
  A giant cockroach (D:1)
  5 goblins
  4 hobgoblins
  3 quokkas
  5 bats
  4 frilled lizards (D:1)
  5 kobolds
  4 rats
46 creatures vanquished.

Notes
Turn   | Place    | Note
-------+----------+-------------------------------------------
     0 | D:1      | avis the Felid Shapeshifter began the quest for the Orb.
     0 | D:1      | Reached XP level 1. HP: 9/9 MP: 2/2
   104 | D:1      | Reached skill level 3 in Dodging
   213 | D:1      | Found a faded altar of an unknown god.
   244 | D:1      | Reached XP level 2. HP: 11/12 MP: 3/3
   593 | D:2      | Found a shadowy altar of Dithmenos.
   732 | D:2      | Reached XP level 3. HP: 16/16 MP: 4/4
   820 | D:2      | Noticed Sigmund
  1026 | D:2      | Reached skill level 4 in Dodging
  1049 | D:2      | Found Tasam's Assorted Antiques.
  1563 | D:3      | Found a shimmering altar of Xom.
  1786 | D:3      | Reached skill level 5 in Dodging
  1786 | D:3      | Reached skill level 1 in Stealth
  1786 | D:3      | Reached XP level 4. HP: 9/19 MP: 5/5
  1796 | D:3      | Killed from afar by an orc wizard
  1900 | D:$      | Got out of the dungeon alive.

Illustrated notes

Levels and vault maps discovered:
D:1:      dpeg_chamrin_arrival_tetris, layout_basic,
          ebering_ecumenical_altar_petrified, chequers_serial_rivers_micro_c
D:2:      layout_basic, basic_altar, serial_shops, shop,
          dreamdust_princess_bridge, uniq_sigmund
D:3:      minmay_evil_eye, layout_loops_cross, mainiacjoe_overflow_alcove_4

Skill      XL: |  1  2  3 |
---------------+----------+-----
Dodging        | 3 5 |  5.5
Fighting       | 2 |  2.0
Stealth        | 1 |  1.0
Unarmed Combat | |  3.0
Shapeshifting  | |  3.5

Action                     |  1- 3 |  4- 6 || total
---------------------------+-------+-------++-------
  Melee: Unarmed           |    90 |    10 ||   100
         Bite              |    11 |     2 ||    13
         Punch             |     4 |       ||     4
   Stab: Sleeping          |     3 |       ||     3
 Armour: Skin              |    21 |     6 ||    27
  Dodge: Dodged            |    52 |     5 ||    57

Table legend: (Time is in decaauts)
 A = Elapsed time spent in this place.
 B = Non-inter-level travel time spent in this place.
 C = Inter-level travel time spent in this place.
 D = Time resting spent in this place.
 E = Time spent auto-exploring this place.
 F = Levels seen in this place.
 G = Mean time per level.
                   A        B        C        D        E       F      G
               +--------+--------+--------+--------+--------+-----+--------+
         Total |   1565 |   1328 |    237 |     32 |    794 |   3 |  521.7 |
       Dungeon |   1565 |   1328 |    237 |     32 |    794 |   3 |  521.7 |
               +--------+--------+--------+--------+--------+-----+--------+

Top non-repeatable levels by time:
     D:2: 715 daAuts
     D:1: 625 daAuts
     D:3: 224 daAuts
